 Dungeon Sprint DCSS version 0.24-a0-536-gdd4cf15 (webtiles) character file.

Game seed: 17322322461785501166

441 Faca the Fighter (level 7, -7/68 HPs)
             Began as a Formicid Fighter on Aug 13, 2019.
             Was a Priest of the Shining One.
             Mangled by a catoblepas (12 damage)
             ... while petrified by you
             ... in the Dungeon (Sprint IX: "|||||||||||||||||||||||||||||").
             The game lasted 00:02:22 (350 turns).

Faca the Fighter (Formicid Fighter)                  Turns: 350, Time: 00:02:23

Health: -7/68      AC: 13    Str: 30    XL:     7   Next: 22%
Magic:  7/7        EV:  2    Int:  8    God:    the Shining One [***...]
Gold:   0          SH:  0    Dex: 10    Spells: 6/6 levels left

rFire    . . .     SeeInvis +   p - +2 scimitar (elec)
rCold    . . .     Gourm    .   c - +0 shield
rNeg     + + +     Faith    .   q - +1 chain mail
rPois    ∞         Spirit   .   (helmet unavailable)
rElec    .         Reflect  .   a - +0 cloak
rCorr    .         Harm     .   (no gloves)
MR       .....                  (no boots)
Stlth    ..........             (no amulet)
HPRegen  0.21/turn              s - +3 ring of strength
MPRegen  0.10/turn              r - +2 ring of protection

@: mighty, petrified, glowing
A: permanent stasis, dig shafts and tunnels, four strong arms, antennae 3
a: Dig, Divine Shield, Renounce Religion


You were in the Dungeon.
You worshipped the Shining One.
The Shining One was most pleased with you.
You were not hungry.

You visited 1 branch

Inventory:

Hand Weapons
 o - a +2 rapier of venom
 p - a +2 scimitar of electrocution (weapon)
Armour
 a - a +0 cloak (worn)
 b - a +0 scale mail
 c - a +0 shield (worn)
 q - a +1 chain mail (worn)
Jewellery
 r - a +2 ring of protection (right hand)
 s - a +3 ring of strength (left hand)
Wands
 n - a wand of iceblast (10)
Scrolls
 k - 2 scrolls of blinking
 l - 3 scrolls of remove curse
 m - 2 scrolls of amnesia
Potions
 e - 5 potions of curing
 g - a potion of heal wounds
 h - a potion of haste
 i - 4 potions of magic
 j - a potion of berserk rage
Comestibles
 f - a ration
 t - a chunk of flesh


   Skills:
 + Level 11.2 Fighting
 + Level 10.1 Long Blades
 + Level 4.1 Armour
 + Level 4.5 Shields


You had 6 spell levels left.
You didn't know any spells.
Your spell library was empty.

Dungeon Overview and Level Annotations

Branches:
Dungeon (1/1)

Altars:
Cheibriados
Dithmenos
Elyvilon
Fedhas
Gozag
Hepliaklqana
Kikubaaqudgha
Makhleb
Nemelex Xobeh
Okawaru
Qazlal
Ru
Sif Muna
Trog
Uskayaw
Vehumet
Wu Jian
Xom
Yredelemnul
Zin
The Shining One
Beogh
Jiyva
Lugonu


Innate Abilities, Weirdness & Mutations

You cannot be hasted, slowed, berserked, paralysed or teleported.
You can dig through walls and to a lower floor.
Your four strong arms can wield two-handed weapons with a shield.
You have a pair of large antennae on your head. (SInv)


Message History

The catoblepas is lightly wounded.
You are engulfed in calcifying dust.
Your limbs have turned to stone.
The catoblepas breathes a plume of calcifying dust at you.
The blast of calcifying dust hits you! The catoblepas gores you!!
You have turned to stone.
You are engulfed in calcifying dust.
The catoblepas gores you!!
* * * LOW HITPOINT WARNING * * *
You are engulfed in calcifying dust.
The catoblepas breathes a plume of calcifying dust at you.
The blast of calcifying dust hits you.
* * * LOW HITPOINT WARNING * * *
You are engulfed in calcifying dust.
The catoblepas gores you!
* * * LOW HITPOINT WARNING * * *
The catoblepas gores you but does no damage.
The catoblepas breathes a plume of calcifying dust at you.
The blast of calcifying dust hits you!
* * * LOW HITPOINT WARNING * * *
You are engulfed in calcifying dust.
The catoblepas gores you.
You are engulfed in calcifying dust.
The catoblepas gores you!!
You die...

▓(▓
▓)▓
▓†▓
▓.▓
▓.▓
▓.▓
▓§▓
▓§▓
▓@▓
▓Y▓
▓c▓
▓z▓
▓F▓
▓.▓
▓.▓
▓+▓


You could see a catoblepas, a centaur warrior, a bullfrog and a wight.

Vanquished Creatures
  An eye of draining (D)
  A centaur (D)
  A big kobold (D)
  A bullfrog (D)
  2 crimson imps (D)
  2 worker ants (D)
  2 adder zombies (D)
  2 dart slugs (D)
  An orc (D)
  A goblin (D)
  A hobgoblin (D)
  A jackal zombie (D)
  2 kobolds (D)
18 creatures vanquished.

Vanquished Creatures (others)
  A spatial maelstrom (D)
1 creature vanquished.

Grand Total: 19 creatures vanquished

Notes
Turn   | Place    | Note
-------+----------+-------------------------------------------
     0 | D        | Faca the Formicid Fighter began the quest for the Orb.
     0 | D        | Reached XP level 1. HP: 18/18 MP: 1/1
     0 | D        | Banished a spatial maelstrom
    19 | D        | Reached skill level 4 in Fighting
    20 | D        | Reached XP level 2. HP: 25/26 MP: 2/2
    32 | D        | Noticed a crimson imp
    32 | D        | Noticed a crimson imp
    40 | D        | Reached skill level 5 in Fighting
    40 | D        | Reached XP level 3. HP: 14/34 MP: 3/3
    52 | D        | Reached skill level 6 in Fighting
    52 | D        | Reached skill level 5 in Long Blades
    52 | D        | Reached XP level 4. HP: 7/41 MP: 4/4
    62 | D        | Reached skill level 7 in Fighting
    78 | D        | Reached XP level 5. HP: 31/49 MP: 5/5
    85 | D        | Found a roughly hewn altar of Beogh.
    85 | D        | Found a snail-covered altar of Cheibriados.
    85 | D        | Found a shadowy altar of Dithmenos.
    85 | D        | Found a white marble altar of Elyvilon.
    85 | D        | Found a blossoming altar of Fedhas.
    85 | D        | Found an opulent altar of Gozag.
    86 | D        | Found a hazy altar of Hepliaklqana.
    87 | D        | Found a viscous altar of Jiyva.
    88 | D        | Found an ancient bone altar of Kikubaaqudgha.
    89 | D        | Found a corrupted altar of Lugonu.
    90 | D        | Found a burning altar of Makhleb.
    91 | D        | Found a sparkling altar of Nemelex Xobeh.
    92 | D        | Found an iron altar of Okawaru.
    93 | D        | Found a stormy altar of Qazlal.
    94 | D        | Found a sacrificial altar of Ru.
    95 | D        | Found a shimmering blue altar of Sif Muna.
    96 | D        | Found a bloodstained altar of Trog.
    97 | D        | Found a hide-covered altar of Uskayaw.
    98 | D        | Found a radiant altar of Vehumet.
    99 | D        | Found an ornate altar of the Wu Jian Council.
   100 | D        | Found a shimmering altar of Xom.
   101 | D        | Found a basalt altar of Yredelemnul.
   102 | D        | Found a glowing silver altar of Zin.
   103 | D        | Found a glowing golden altar of the Shining One.
   111 | D        | Became a worshipper of the Shining One
   149 | D        | Noticed a big kobold
   149 | D        | Reached * piety under the Shining One
   149 | D        | Noticed an eye of draining
   149 | D        | Noticed a bullfrog
   157 | D        | Killed a big kobold
   157 | D        | Reached skill level 9 in Fighting
   168 | D        | Killed an eye of draining
   168 | D        | Reached skill level 10 in Fighting
   168 | D        | Reached XP level 6. HP: 60/60 MP: 0/6
   173 | D        | Reached skill level 11 in Fighting
   228 | D        | Reached ** piety under the Shining One
   228 | D        | Noticed a catoblepas
   228 | D        | Reached *** piety under the Shining One
   228 | D        | Noticed a centaur warrior
   317 | D        | Reached skill level 10 in Long Blades
   317 | D        | Reached XP level 7. HP: 34/68 MP: 7/7
   350 | D        | Mangled by a catoblepas

Levels and vault maps discovered:
D:        linesprint [early_d, line_temple, items_1, d_10, items_2, lair_1,
          lair_end, items_3, orc_1, orc_end, items_4, d_15, swamp_1, shoals_1,
          snake_1, spider_1, d_20, vaults_1, items_5, swamp_end, shoals_end,
          snake_end, spider_end, vaults_end, d_27, items_6, zot_1, zot_end,
          crypt_end, forest_end, elf_end, slime_end, tomb_end, abyss_end,
          pan_hell_end]

Skill      XL: |  1  2  3  4  5  6 |
---------------+-------------------+-----
Fighting       | 4 5 6 7 10 11 | 11.2
Long Blades    | 3 4 5 6 9 10 | 10.1
Armour         | 4 |  4.1
Shields        | 4 |  4.5

Action                   |  1- 3 |  4- 6 |  7- 9 || total
-------------------------+-------+-------+-------++-------
Melee: Long sword        |    41 |    20 |       ||    61
       Scimitar          |       |    27 |     1 ||    28
  Use: Potion            |       |     1 |     2 ||     3
Armor: Scale mail        |    15 |     5 |       ||    20
       Chain mail        |       |     9 |     1 ||    10
Dodge: Dodged            |    15 |     6 |       ||    21
Block: Shield            |    22 |    15 |       ||    37
       Rpst.: Long sword |     3 |     1 |       ||     4
       Scimitar          |       |     2 |       ||     2

Table legend:
 A = Non-vault XP
 B = Vault XP
 C = Vault XP percentage of total XP
 D = Non-vault monster count
 E = Vault monster count
 F = Vault count percentage of total count
                 A         B        C        D         E       F
            +---------+---------+-------+---------+---------+-------
      Total |       0 |     631 | 100.0 |       0 |      18 | 100.0
            +---------+---------+-------+---------+---------+-------
          D |       0 |     631 | 100.0 |       0 |      18 | 100.0
            +---------+---------+-------+---------+---------+-------
